 Dungeon Sprint DCSS version 0.23.1 (webtiles) character file.

Game seed: 5662083625741808280

1194 nuthulu the Imperceptible (level 8, -7/36 HPs)
             Began as a Spriggan Enchanter on Mar 7, 2019.
             Was a Follower of Dithmenos.
             Shot with an arrow by a centaur warrior (23 damage)
             ... in the Dungeon (Sprint I: "Red Sonja").
             The game lasted 00:01:52 (265 turns).

nuthulu the Imperceptible (Spriggan Enchanter)       Turns: 265, Time: 00:01:53

Health: -7/36      AC:  2    Str:  4    XL:     8   Next: 20%
Magic:  16/20      EV: 18    Int: 17    God:    Dithmenos [*.....]
Gold:   423        SH:  0    Dex: 18    Spells: 10/22 levels left

rFire    . . .     SeeInvis +   a - +1 dagger
rCold    . . .     Gourm    .   (shield restricted)
rNeg     . . .     Faith    .   b - +0 robe
rPois    .         Spirit   .   (helmet restricted)
rElec    .         Reflect  .   (no cloak)
rCorr    .         Harm     .   (gloves unavailable)
MR       +....     NoTele   +   (boots unavailable)
Stlth    +++++++++.             (no amulet)
HPRegen  0.12/turn              (no ring)
MPRegen  0.17/turn              (no ring)

@: wreathed by umbra, very quick
A: very small, unfitting armour, see invisible, herbivore, speed 3, slow
metabolism 2
a: Renounce Religion


You were in the Dungeon.
You worshipped Dithmenos.
Dithmenos was aware of your devotion.
You were not hungry.

You visited 1 branch You collected 423 gold pieces.

Inventory:

Hand Weapons
 a - a +1 dagger (weapon)
Armour
 b - a +0 robe (worn)
Wands
 i - a wand of digging (7)
Scrolls
 j - a scroll of blinking
Potions
 c - a potion of invisibility {unknown}
 e - a potion of curing
 f - a potion of heal wounds
 g - a potion of haste
 h - 2 potions of magic
Comestibles
 d - a ration


   Skills:
 - Level 1.1 Short Blades
 - Level 3.0 Dodging
 * Level 21.9 Stealth
 - Level 7.8 Spellcasting
 - Level 8.2 Hexes


You had 10 spell levels left.
You knew the following spells:

 Your Spells              Type           Power        Failure   Level  Hunger
a - Corona                Hex            ####...      1%          1    None
b - Ensorcelled Hibernat  Hex/Ice        ###...       3%          2    None
c - Confuse               Hex            ####....     1%          3    #......
d - Tukima's Dance        Hex            ####....     1%          3    #......
e - Dazzling Spray        Conj/Hex       ###...       6%          3    #......

Your spell library contained the following spells:

 Spells                   Type           Power        Failure   Level  Hunger


Dungeon Overview and Level Annotations

Branches:
Dungeon (1/1)

Altars:
Cheibriados
Dithmenos
Elyvilon
Fedhas
Gozag
Hepliaklqana
Kikubaaqudgha
Makhleb
Nemelex Xobeh
Okawaru
Qazlal
Ru
Sif Muna
Trog
Uskayaw
Vehumet
Wu Jian
Xom
Yredelemnul
Zin
The Shining One
Jiyva
Lugonu

Shops:
D [


Innate Abilities, Weirdness & Mutations

You are very small and have problems with some larger weapons.
You are too small for most types of armour.
You have supernaturally acute eyesight. (SInv)
You are a herbivore.
You cover ground extremely quickly.
You need to consume almost no food.


Message History

Press: ? - help, Shift-Dir - straight line, f - centaur warrior
Aim: a centaur warrior (purple smoke, umbra, chance to defeat MR: 32%)
The centaur warrior easily resists.
The centaur warrior wields a +0 longbow.
The centaur warrior shoots an arrow.
The arrow closely misses you.
You hear a splash.
The centaur warrior closely misses you.
Casting: Ensorcelled Hibernation (safe; 3% risk of failure)
Confirm with . or Enter, or press ? or * to list all spells.
Aiming: Ensorcelled Hibernation (safe; 3% risk of failure)
Press: ? - help, Shift-Dir - straight line, f/p - centaur warrior
Aim: a centaur warrior (umbra, chance to defeat MR: 32%)
The centaur warrior easily resists.
The centaur warrior shoots an arrow.
The arrow closely misses you.
You hear a splash.
The centaur warrior hits you but does no damage.
The centaur warrior barely misses you.
The centaur warrior shoots an arrow.
The arrow hits you!!
Ouch! That really hurt!
You die...

#######################
#.)'..#.)'..#__#..'.).#
'..#.)'..#..'..'..#...#
#####'#####'#__####)..+
####..#...#.####§c#####
#__####..##(#§§§§§#
#_____##'#_.'≈§§@§+
#_.∩..†'..._#§§§§c#
#_..__##_.#'##+####
#_____###+#.# #######
###


You could see 2 centaur warriors.

Vanquished Creatures
  2 kobold demonologists (D)
  A slime creature (D)
  Sigmund (D)
  A yak (D)
  A floating eye (D)
  An ogre (D)
  A jelly (D)
  Ijyb (D)
9 creatures vanquished.

Notes
Turn   | Place    | Note
-------+----------+-------------------------------------------
     0 | D        | nuthulu the Spriggan Enchanter began the quest for the Orb.
     0 | D        | Reached XP level 1. HP: 9/9 MP: 5/5
     1 | D        | Noticed Ijyb
     8 | D        | Killed Ijyb
     8 | D        | Reached skill level 7 in Stealth
     8 | D        | Reached skill level 5 in Hexes
     8 | D        | Reached XP level 2. HP: 13/13 MP: 6/8
    41 | D        | Learned a level 2 spell: Ensorcelled Hibernation
    41 | D        | Noticed an ogre
    44 | D        | Killed an ogre
    44 | D        | Reached skill level 10 in Stealth
    44 | D        | Reached XP level 3. HP: 16/16 MP: 8/11
    44 | D        | Reached XP level 4. HP: 21/21 MP: 9/13
    49 | D        | Learned a level 3 spell: Confuse
    53 | D        | Learned a level 3 spell: Tukima's Dance
    57 | D        | Learned a level 3 spell: Dazzling Spray
    65 | D        | Noticed Sigmund
    68 | D        | Killed Sigmund
    68 | D        | Reached skill level 13 in Stealth
    68 | D        | Reached XP level 5. HP: 24/24 MP: 12/16
    81 | D        | Found an ornate altar of the Wu Jian Council.
    81 | D        | Found a deep blue altar of Sif Muna.
    83 | D        | Found a radiant altar of Vehumet.
    87 | D        | Reached skill level 14 in Stealth
    87 | D        | Reached XP level 6. HP: 28/28 MP: 15/17
   110 | D        | Found Ovvacesy's Antique Armour Emporium.
   110 | D        | Found an ancient bone altar of Kikubaaqudgha.
   110 | D        | Found a hazy altar of Hepliaklqana.
   110 | D        | Found a stormy altar of Qazlal.
   110 | D        | Found a hide-covered altar of Uskayaw.
   110 | D        | Found a blossoming altar of Fedhas.
   110 | D        | Found a bloodstained altar of Trog.
   110 | D        | Found an iron altar of Okawaru.
   110 | D        | Found a basalt altar of Yredelemnul.
   110 | D        | Found a glowing golden altar of the Shining One.
   110 | D        | Found a snail-covered altar of Cheibriados.
   110 | D        | Found a sacrificial altar of Ru.
   110 | D        | Found a glowing silver altar of Zin.
   110 | D        | Found a shadowy altar of Dithmenos.
   110 | D        | Found a white marble altar of Elyvilon.
   110 | D        | Noticed a yak
   111 | D        | Found an opulent altar of Gozag.
   112 | D        | Killed a yak
   112 | D        | Reached skill level 16 in Stealth
   113 | D        | Found a sparkling altar of Nemelex Xobeh.
   120 | D        | Became a worshipper of Dithmenos the Shadowed
   133 | D        | Found a viscous altar of Jiyva.
   133 | D        | Found a corrupted altar of Lugonu.
   133 | D        | Noticed a slime creature
   134 | D        | Found a burning altar of Makhleb.
   134 | D        | Found a shimmering altar of Xom.
   136 | D        | Killed a slime creature
   136 | D        | Reached skill level 18 in Stealth
   136 | D        | Reached XP level 7. HP: 32/32 MP: 19/19
   149 | D        | Noticed a kobold demonologist
   150 | D        | Noticed a kobold demonologist
   156 | D        | Reached skill level 19 in Stealth
   158 | D        | Noticed a chaos spawn
   159 | D        | Killed a kobold demonologist
   159 | D        | Reached * piety under Dithmenos
   159 | D        | Reached skill level 20 in Stealth
   161 | D        | Killed a kobold demonologist
   161 | D        | Reached skill level 21 in Stealth
   161 | D        | Reached XP level 8. HP: 26/36 MP: 6/20
   259 | D        | Noticed a centaur warrior
   261 | D        | Noticed a centaur warrior
   265 | D        | Shot with an arrow by a centaur warrior

Skill      XL: |  1  2  3  4  5  6  7 |
---------------+----------------------+-----
Stealth        | 7 10 13 14 18 21 | 21.9
Spellcasting   | 4 6 7 |  7.8
Hexes          | 5 6 8 |  8.2
Short Blades   | |  1.1
Dodging        | |  3.0

Action                   |  1- 3 |  4- 6 |  7- 9 || total
-------------------------+-------+-------+-------++-------
Melee: Dagger            |     5 |     4 |     3 ||    12
 Cast: Ensorcelled Hiber |       |       |     8 ||     8
  Use: Potion            |     1 |       |       ||     1
 Stab: Sleeping          |     2 |     4 |     3 ||     9
Armor: Robe              |     1 |       |     2 ||     3
Dodge: Dodged            |     2 |       |    40 ||    42
